George, chaotic male elven Ranger ---------- ----- ------------- |........| |^>.-####|`.........@| | |.........#######....| #|.....`.....fh# .....| |......<[| |.... ###|...-----.f.| --- - ---------- ----- ##|...|.{.....| ##-..`|{.{|`..| #|...|.{ |...| #|...-----[..| #|.....`.....| #|`.........`| #------------- #############` George the Trailblazer Experience level: 8 Strength: 16 Dexterity: 14 Constitution: 16 Intelligence: 13 Wisdom: 14 Charisma: 8 Health: 0(58) Energy: 52(52) Def: 12 Gold: 1029 Moves: 6408 Dungeon seed: zCnP88DimTmVorJf Game ID: George_1616028151 Your Inventory: Coins $ - 1029 gold pieces Weapons a - a +1 elven dagger (weapon in hand) b - a +1 elven bow (alternate weapon; not wielded) c - 50 +2 elven arrows (in quiver) d - 9 cursed +0 arrows j - 11 cursed poisoned +0 arrows m - 8 cursed poisoned +0 orcish arrows o - a +0 silver dagger L - 9 +0 arrows W - 2 blessed +0 arrows Armor e - an uncursed +0 dwarvish cloak (being worn) r - an uncursed +0 dwarvish mithril-coat (being worn) F - an uncursed +1 pair of iron shoes (being worn) N - an uncursed +1 dwarvish iron helm (being worn) Comestibles f - an uncursed lembas wafer h - 2 uncursed carrots t - a cursed lizard corpse O - an uncursed fortune cookie Scrolls B - 5 uncursed scrolls of blank paper P - an uncursed scroll of teleportation T - an uncursed scroll of enchant weapon V - an uncursed scroll of genocide X - an uncursed scroll of magic mapping Potions p - a potion of holy water A - a blessed potion of levitation E - 2 uncursed potions of water M - 3 uncursed potions of oil Q - an uncursed potion of booze Rings l - an uncursed ring of protection from shape changers (on left hand) S - an uncursed ring of searching Z - an uncursed +1 ring of gain strength Wands g - a wand of nothing (0:5) i - a wand of striking (0:6) k - a wand of cancellation (0:5) n - a wand of digging (0:7) Tools q - an uncursed skeleton key s - a cursed bag of holding v - an uncursed brass lantern (0:347) w - an uncursed oil lamp (0:1033) y - a +0 pick-axe z - an uncursed magic whistle G - a +0 pick-axe I - an uncursed skeleton key K - an uncursed tin whistle U - an uncursed mirror Gems D - an uncursed worthless piece of violet glass J - 4 uncursed worthless pieces of yellow glass Y - an uncursed opal Spells and supernatural/magical abilities: Name Level Category Fail Memory W - pray for help -- divine ? -- Your skills at the end: Fighting Skills Weapon Skills dagger [Basic] bow [Basic] Spellcasting Skills Final Attributes: You were piously aligned. You were sleep resistant. You were telepathic. You had automatic searching. You had infravision. You were stealthy. You were protected from shape changers. Mars was angry with you. You are dead. Vanquished creatures: 2 ghosts 2 large mimics a small mimic a dwarf king an ettin zombie a spotted jelly 2 iron piercers a mumak a gnome king a dwarf lord a raven a plains centaur 2 apes 2 wood nymphs 3 orc shamans a rock piercer a pony a yellow light 2 violet fungi 3 gnome lords 6 gnomish wizards a black naga hatchling 2 gray oozes 2 elf zombies a ghoul a straw golem a paper golem 3 giant ants 3 little dogs a floating eye 2 kittens 7 dwarves 3 kobold shamans 6 hill orcs 4 rothes a giant bat 2 monkeys 8 dwarf zombies a wererat a werejackal an iguana an acid blob 5 coyotes 4 hobbits 3 manes a large kobold a hobgoblin 4 giant rats 4 cave spiders a red mold 17 gnomes 4 garter snakes a gnome zombie 4 geckos 5 jackals a fox a kobold 4 goblins 10 grid bugs a bat 7 lichens a kobold zombie 3 newts 170 creatures vanquished. Voluntary challenges: You used a wielded weapon 286 times, starting on turn 100. You read items or engraved 5 times, starting on turn 1223. You never genocided any monsters. You never polymorphed an object. You changed form 1 time, starting on turn 4005. You used no wishes. You never split a pudding. You never wrote Elbereth's name. You never violated your personal moral code. Dungeon overview: The Dungeons of Doom: levels 1 to 7 Level 1 a long staircase Level 2 a general store Level 3 a fountain stairs to The Gnomish Mines Level 4 some fountains Level 5 Level 6 an altar to Mercury, a fountain, a sink Level 7 <- You were here many fountains The Gnomish Mines: levels 4 to 6 Level 4 stairs to The Dungeons of Doom Level 5 Level 6 many shops, a temple to Mars, some fountains History has recorded: On T:1 you entered the Dungeons of Doom to retrieve the Amulet of Yendor! On T:227 you advanced to experience level 2. On T:252 you reached level 2 of The Dungeons of Doom. On T:553 you advanced to experience level 3. On T:593 you advanced to experience level 4. On T:789 you reached level 3 of The Dungeons of Doom. On T:1115 you reached level 1 of The Gnomish Mines. On T:1167 you advanced to experience level 5. On T:1638 you advanced to experience level 6. On T:2567 you reached level 3 of The Gnomish Mines. On T:2604 you advanced to experience level 7. On T:3964 you reached level 4 of The Dungeons of Doom. On T:4003 you advanced to experience level 8. On T:5058 you reached level 5 of The Dungeons of Doom. On T:5384 you reached level 6 of The Dungeons of Doom. On T:6162 you reached level 7 of The Dungeons of Doom. Score breakdown: Gold: 1029 (10248 points) Experience: 8 levels (14739 points) Exploration: 7 levels ( 14.89%) (10834 points) Discoveries: 21 items ( 7.24%) ( 8072 points) Valuables value: (no points given unless you survive) Artifact value: 0 ( 0 points) Variety of kills: 63 monsters ( 16.54%) (12199 points) Turncount: 6408 turns (-1721 points) Survival: died (score multiplied by 80%) Total score: 43496 Latest messages: The lynx misses. (2x) You miss the lynx. The lynx hits! The lynx misses. The lynx bites! You hit the lynx! The lynx misses. The lynx hits! The lynx bites! The lynx hits! (2x) The lynx misses. You displace Peri. You see here a statue of a mountain centaur. You hit the lynx. The lynx hits! The lynx misses. (5x) You hit the lynx! The lynx hits! (2x) The lynx bites! The hobbit wields an elven dagger! You begin praying to Mars. The lynx just misses! The lynx hits! The lynx bites! You die... Final status: Goodbye George the Ranger, killed by a lynx, while praying... You died in The Dungeons of Doom on dungeon level 7 with 43496 points, and 1029 pieces of gold, after 6408 moves. You were level 8 with a maximum of 58 hit points when you died.